[Event "Titled Tuesday Blitz June 27 Early 2023"]
[White "Szente Varga, Fruzsina"]
[Black "Thecourseoisildur"]
[WhiteFideId "712264"]
[WhiteElo "2351"]
[BlackElo "2483"]
[Result "0-1"]
[Round "11"]
[TimeControl "180+2"]
[Date "2023.06.27"]
[WhiteClock "0:00:14"]
[BlackClock "0:01:49"]
[Board "95"]

1. e4 c5 2. Nf3 Nc6 3. Bb5 g6 4. Nc3 Bg7 5. O-O d6 6. d4 cxd4 7. Nxd4 Bd7 8. Nce2 Nxd4 9. Nxd4 Bxb5 10. Nxb5 Nf6 11. Re1 O-O 12. Bg5 Rc8 13. c3 Qa5 14. Bxf6 Bxf6 15. Nd4 b5 16. Qb3 Bxd4 17. cxd4 Rc4 18. Rad1 Rxd4 19. h3 Rc8 20. Rc1 Rxc1 21. Rxc1 Rxe4 22. Kh2 Qd2 23. Rc8+ Kg7 24. Qxb5 Qf4+ 25. g3 Qxf2+ 26. Kh1 Re1+ 0-1


[Site "https://www.chess.com"]

[Event "Titled Tuesday Blitz June 27 Early 2023"]
[White "Zuriel, Marisa"]
[Black "Erzhanov, Arman"]
[WhiteFideId "109142"]
[BlackFideId "4138821"]
[WhiteElo "2304"]
[BlackElo "2475"]
[Result "1/2-1/2"]
[Round "11"]
[TimeControl "180+2"]
[Date "2023.06.27"]
[WhiteClock "0:00:25"]
[BlackClock "0:00:33"]
[Board "96"]

1. e4 d6 2. d4 Nf6 3. Nc3 c6 4. a4 e5 5. Nf3 Nbd7 6. Bc4 Be7 7. O-O O-O 8. a5 h6 9. Qe2 Re8 10. Rd1 Qc7 11. d5 cxd5 12. Nxd5 Nxd5 13. Bxd5 Nf6 14. Bb3 Be6 15. Ba4 Red8 16. b3 d5 17. exd5 Nxd5 18. c4 Nc3 19. Rxd8+ Rxd8 20. Qe3 Rd1+ 21. Ne1 Nxa4 22. bxa4 Qxc4 23. Bb2 Rxa1 24. Bxa1 f6 25. h3 Qxa4 26. Bc3 Qc6 27. Bd2 Bc5 28. Qd3 Qd5 29. Qc2 Bd7 30. Nf3 Bc6 31. Bxh6 gxh6 32. Qg6+ Kf8 33. Qxf6+ Ke8 34. Qg6+ Qf7 35. Qxh6 Bxf3 36. gxf3 Qxf3 37. Qe6+ Be7 38. Qxe5 Qc6 39. Qb8+ Kd7 40. Qxa7 Bc5 41. Qb8 Qf3 42. Qg8 Bxf2+ 43. Kh2 Qf4+ 44. Kh1 Qf3+ 45. Kh2 Qf4+ 46. Kh1 Bc5 47. Qd5+ Bd6 48. Qxb7+ Ke6 49. Qb3+ Kf5 50. Qf7+ Ke4 51. Qxf4+ Kxf4 52. Kg2 Bc5 53. a6 Ba7 54. h4 Kg4 55. Kf1 Kxh4 56. Ke2 Kg5 57. Kd3 Kf6 58. Kc4 Ke7 59. Kb5 Kd7 60. Ka5 Kc7 61. Kb5 Kd6 62. Ka5 Kc6 63. Ka4 Kb6 64. Kb3 Kb5 65. Ka2 Bc5 66. Kb1 Ba7 67. Ka1 Kb4 68. Kb2 Bd4+ 69. Ka2 Ba7 70. Kb1 Kb5 71. Ka2 Kc6 72. Kb3 Kc7 73. Kc4 Kb8 74. Kb5 Ka8 75. Kc6 Be3 76. a7 Bf2 77. Kc7 Bg3+ 78. Kb6 Bh4 79. Ka6 Be7 80. Kb6 Bd8+ 81. Ka6 Bc7 82. Kb5 Bd6 83. Ka6 Bc5 84. Kb5 Bb6 85. Ka6 Bxa7 1/2-1/2


[Site "https://www.chess.com"]

[Event "Titled Tuesday Blitz June 27 Early 2023"]
[White "Czerw, Dawid"]
[Black "Zampronha, Wladimir Camilo"]
[WhiteFideId "1145746"]
[BlackFideId "2103087"]
[WhiteElo "2466"]
[BlackElo "2269"]
[Result "0-1"]
[Round "11"]
[TimeControl "180+2"]
[Date "2023.06.27"]
[WhiteClock "0:03:01"]
[BlackClock "0:00:03"]
[Board "97"]

1. e4 c5 2. Nf3 e6 3. d4 cxd4 4. Nxd4 Nc6 5. Nc3 Qc7 6. Be3 a6 7. Qd2 b5 8. O-O-O Ne5 9. f4 Nc4 10. Bxc4 bxc4 11. e5 Rb8 12. Ne4 Nh6 13. c3 Nf5 14. Nxf5 exf5 15. Nd6+ Bxd6 16. exd6 Qb7 17. Bd4 O-O 18. g4 fxg4 19. Rhg1 f6 20. Rxg4 Qd5 21. Rdg1 g6 22. h4 Bb7 23. Qh2 Qh5 24. f5 Bf3 25. R4g3 Be4 26. fxg6 Bxg6 27. Qg2 Rbe8 28. Qf1 Re4 29. Qxc4+ Kg7 30. b3 Rxh4 31. Kb2 Rh2+ 32. Ka3 Rh3 33. Qc7 Rxg3 34. Qxd7+ Rf7 35. Qe8 Rxg1 36. d7 Qa5+ 37. Kb2 Rg2+ 38. Kc1 Qxa2 39. Qxf7+ Bxf7 40. d8=Q Qc2# 0-1


[Site "https://www.chess.com"]

[Event "Titled Tuesday Blitz June 27 Early 2023"]
[White "Tikhonov, Viacheslav"]
[Black "Ruge, Edison"]
[WhiteFideId "44196407"]
[BlackFideId "4401000"]
[WhiteElo "2457"]
[BlackElo "2231"]
[Result "1-0"]
[Round "11"]
[TimeControl "180+2"]
[Date "2023.06.27"]
[WhiteClock "0:00:05"]
[BlackClock "0:00:03"]
[Board "98"]

1. e4 e5 2. Nf3 Nc6 3. Bc4 Be7 4. d4 d6 5. O-O Nf6 6. Nc3 Bg4 7. dxe5 dxe5 8. Bb5 Qxd1 9. Rxd1 Bxf3 10. gxf3 O-O 11. Be3 Nb8 12. Nd5 Bd8 13. Nxf6+ Bxf6 14. Bc5 Rc8 15. Bd7 Nxd7 16. Rxd7 b6 17. Be3 Kf8 18. a4 a6 19. Rad1 Ke8 20. b3 Be7 21. R7d5 Rd8 22. c4 f6 23. h3 c6 24. Rxd8+ Rxd8 25. Ra1 Rd3 26. Rb1 Bd8 27. Kf1 Ke7 28. Ke2 Rd7 29. a5 bxa5 30. Bd2 Rb7 31. Kd3 c5 32. Kc2 g6 33. Ra1 Kd7 34. Bxa5 Be7 35. Bd2 Ra7 36. Be3 Kc6 37. Kc3 Ra8 38. Ra4 a5 39. Bd2 Bd8 40. Kc2 Bb6 41. Ra1 Kb7 42. h4 Kc6 43. h5 g5 44. Bc3 Kb7 45. f4 Re8 46. fxg5 fxg5 47. Rg1 h6 48. Rg3 Bc7 49. Rf3 Re6 50. Rf5 Kc6 51. Bd2 Kd6 52. Be3 Kc6 53. Rf8 Kd6 54. Rg8 Kc6 55. Rg6 Kd6 56. Rg8 Ke7 57. Bxc5+ Kf7 58. Rc8 Rc6 59. Be3 Ke6 60. Rh8 Kf7 61. Rh7+ Kg8 62. Rd7 Bb6 63. Rd5 Bxe3 64. fxe3 Rf6 65. Rxe5 Rf2+ 66. Kd3 Rb2 67. Kc3 Rh2 68. Rxa5 Rxh5 69. b4 Rh3 70. Kd4 g4 71. b5 g3 72. Ra1 g2 73. Rg1 Rg3 74. b6 Rg7 75. c5 h5 76. c6 h4 77. b7 h3 78. b8=Q+ Kh7 79. Qh2 1-0


[Site "https://www.chess.com"]

[Event "Titled Tuesday Blitz June 27 Early 2023"]
[White "Samarth J Rao"]
[Black "Eidelman, Gabriel"]
[WhiteFideId "46652370"]
[BlackFideId "30910544"]
[WhiteElo "2215"]
[BlackElo "2438"]
[Result "1/2-1/2"]
[Round "11"]
[TimeControl "180+2"]
[Date "2023.06.27"]
[WhiteClock "0:00:15"]
[BlackClock "0:00:01"]
[Board "99"]

1. d4 Nf6 2. Nf3 g6 3. e3 Bg7 4. Bd3 O-O 5. O-O d6 6. b3 e5 7. Nbd2 Re8 8. dxe5 dxe5 9. Ne4 Nc6 10. Bb2 Bf5 11. Nxf6+ Qxf6 12. Bxf5 Qxf5 13. Ne1 e4 14. Bxg7 Kxg7 15. Qe2 Rad8 16. Rd1 Rxd1 17. Qxd1 Rd8 18. Qe2 Qd5 19. f3 Qd2 20. Rf2 Qxe2 21. Rxe2 Kf6 22. Kf2 Ke5 23. f4+ Kf5 24. h3 h5 25. g3 Nb4 26. a3 Na2 27. c4 Nc1 28. Rb2 Nd3+ 29. Nxd3 Rxd3 30. Ke2 Ke6 31. a4 a5 32. Rb1 c5 33. Rb2 f6 34. Rb1 g5 35. Rb2 h4 36. fxg5 hxg3 37. gxf6 Kxf6 38. Kf1 Rxe3 39. Kg2 Kg5 40. Rd2 Rxb3 41. Rd8 Kf4 42. Rf8+ Ke3 43. Kxg3 Rb4 44. h4 Rxc4 45. h5 Rxa4 46. h6 Ra1 47. Kg2 Ra2+ 48. Kg3 Ra1 49. Kg2 Ra2+ 50. Kg3 Ra1 1/2-1/2


[Site "https://www.chess.com"]

[Event "Titled Tuesday Blitz June 27 Early 2023"]
[White "Begunov, Konstantin"]
[Black "Adireddy Arjun"]
[WhiteFideId "4118510"]
[BlackFideId "25647709"]
[WhiteElo "2433"]
[BlackElo "2340"]
[Result "0-1"]
[Round "11"]
[TimeControl "180+2"]
[Date "2023.06.27"]
[WhiteClock "0:00:12"]
[BlackClock "0:00:11"]
[Board "100"]

1. d4 d5 2. c4 c6 3. Nc3 Nf6 4. Nf3 e6 5. cxd5 exd5 6. Bg5 Be7 7. Qc2 O-O 8. e3 h6 9. Bh4 Re8 10. Bd3 a5 11. O-O b5 12. a4 b4 13. Ne2 Ba6 14. Bxa6 Rxa6 15. Nc1 Nbd7 16. Nb3 Ne4 17. Bxe7 Qxe7 18. Rfc1 Rc8 19. Ne1 c5 20. dxc5 Ndxc5 21. Nd3 Rac6 22. Nxa5 R6c7 23. Nxc5 Rxc5 24. Qd1 Qf6 25. f3 Qxb2 26. Rxc5 Qf2+ 27. Kh1 Nxc5 28. Qxd5 Qxe3 29. Nc6 Nxa4 30. h3 Nb6 31. Qd6 Qc3 32. Ne7+ Kh7 33. Rd1 Re8 34. Nf5 Nc4 35. Qd7 Re1+ 36. Rxe1 Qxe1+ 37. Kh2 Qe5+ 38. g3 b3 39. Qd3 Nb2 40. Qb1 Qe2+ 41. Kh1 Qxf3+ 42. Kh2 Nd3 43. Nd4 Qf2+ 44. Kh1 Qxd4 45. Kg2 Qf2+ 46. Kh1 Qf3+ 47. Kh2 b2 48. h4 Qe2+ 49. Kh3 Qd2 50. h5 g6 51. hxg6+ fxg6 52. g4 Nf2+ 53. Kg3 Qe3+ 54. Kg2 Nxg4 55. Qxb2 Qf2+ 56. Qxf2 Nxf2 57. Kxf2 h5 58. Kg3 Kh6 59. Kh4 g5+ 60. Kg3 h4+ 61. Kf3 Kh5 62. Kg2 g4 63. Kh2 h3 64. Kg3 Kg5 65. Kh2 Kf4 66. Kg1 Kg3 67. Kh1 Kf2 68. Kh2 g3+ 69. Kh1 g2+ 70. Kh2 g1=Q+ 71. Kxh3 Qg3# 0-1


[Site "https://www.chess.com"]

[Event "Titled Tuesday Blitz June 27 Early 2023"]
[White "Andreev, Konstantin"]
[Black "le-castor-faineant"]
[WhiteFideId "24239305"]
[WhiteElo "2426"]
[BlackElo "2173"]
[Result "1-0"]
[Round "11"]
[TimeControl "180+2"]
[Date "2023.06.27"]
[WhiteClock "0:00:49"]
[BlackClock "0:00:55"]
[Board "101"]

1. e4 e5 2. Nf3 Nf6 3. d4 Nxe4 4. Bd3 d5 5. Nxe5 Bd6 6. c4 c6 7. O-O O-O 8. cxd5 cxd5 9. Nd2 Nd7 10. Nxd7 Nxd2 11. Nxf8 Nxf1 12. Qh5 Kxf8 13. Qxh7 Qf6 14. Kxf1 Rb8 15. Bd2 Be6 16. Rd1 Rc8 17. h4 Ke8 18. Bg5 Qxd4 19. Bb5+ 1-0


[Site "https://www.chess.com"]

[Event "Titled Tuesday Blitz June 27 Early 2023"]
[White "Glavina, Pablo"]
[Black "Ho, In Hei Henry"]
[WhiteFideId "100234"]
[BlackFideId "6002552"]
[WhiteElo "2374"]
[BlackElo "2050"]
[Result "1-0"]
[Round "11"]
[TimeControl "180+2"]
[Date "2023.06.27"]
[WhiteClock "0:02:06"]
[BlackClock "0:02:06"]
[Board "102"]

1. e4 d5 2. exd5 Qxd5 3. Nc3 Qa5 4. Bc4 Nf6 5. d4 Bg4 6. f3 Bf5 7. Ne2 e6 8. Bd2 c6 9. g4 Bg6 10. h4 h5 11. Nf4 Nd5 12. Ncxd5 1-0


[Site "https://www.chess.com"]

[Event "Titled Tuesday Blitz June 27 Early 2023"]
[White "Alinasab, Mobina"]
[Black "Gyulamiryan-koryun"]
[WhiteFideId "12528897"]
[WhiteElo "2534"]
[BlackElo "2088"]
[Result "1/2-1/2"]
[Round "11"]
[TimeControl "180+2"]
[Date "2023.06.27"]
[WhiteClock "0:00:08"]
[BlackClock "0:00:10"]
[Board "103"]

1. e4 c6 2. d4 d5 3. Nd2 dxe4 4. Nxe4 Nf6 5. Nxf6+ exf6 6. c3 Bd6 7. Bd3 O-O 8. Qc2 Re8+ 9. Ne2 h5 10. O-O h4 11. h3 Nd7 12. Bd2 Nf8 13. Rae1 Qc7 14. f4 Bd7 15. Kh1 Qc8 16. Ng1 Rxe1 17. Bxe1 Ne6 18. f5 Nf4 19. Bxh4 Nxd3 20. Qxd3 Qc7 21. Ne2 Re8 22. Bg3 a5 23. Bxd6 Qxd6 24. Ng3 b5 25. Ne4 Qd5 26. Nc5 Bc8 27. b3 a4 28. c4 bxc4 29. bxc4 Qd6 30. Nxa4 Qb4 31. Nc5 Rd8 32. Nb3 Ba6 33. Rc1 Re8 34. Qc3 Qa3 35. Nc5 Qxa2 36. Ra1 Qxc4 37. Qxc4 Bxc4 38. Rd1 Bd5 39. Nd3 Re2 40. Nf4 Rf2 41. Nxd5 cxd5 42. g4 g6 43. Kg1 Rf4 44. fxg6 fxg6 45. Kg2 f5 46. Kg3 Re4 47. g5 Kf7 48. h4 Re3+ 49. Kg2 Re4 50. Kh3 Ke6 51. Ra1 Rxd4 52. Ra6+ Kf7 53. Ra7+ Kg8 54. Ra6 Kg7 55. Ra7+ Kf8 56. Kg3 Re4 57. Rd7 d4 58. Kh3 Rg4 59. Ra7 Re4 60. Rd7 Re3+ 61. Kg2 d3 62. Kf2 Re4 63. Kg3 Rg4+ 64. Kh3 Re4 65. Rxd3 Kf7 66. Ra3 Ke6 67. Ra6+ Kf7 68. Ra7+ Kg8 69. Rb7 Re3+ 70. Kg2 Re4 71. Kg3 Rg4+ 72. Kh3 Re4 73. Rb5 Kf7 74. Rb6 Re3+ 75. Kg2 Re4 76. Rf6+ Kg7 77. Kg3 Rg4+ 78. Kh3 Re4 79. Ra6 Re3+ 80. Kg2 Re4 81. Ra7+ Kf8 82. Kh3 Re3+ 83. Kh2 Re4 84. Rh7 Kg8 85. Rh6 Kg7 86. Kg3 Rg4+ 87. Kf3 Rg1 88. Kf4 Rg4+ 89. Ke5 Re4+ 90. Kd5 Re1 91. Kd4 f4 92. h5 gxh5 93. Rxh5 f3 94. Rh2 Re2 95. Rh3 f2 96. Rf3 Kg6 97. Kd3 Ra2 98. Ke3 Kxg5 99. Rxf2 Ra3+ 100. Ke2 Ra2+ 101. Ke3 Rxf2 102. Kxf2 1/2-1/2


[Site "https://www.chess.com"]

[Event "Titled Tuesday Blitz June 27 Early 2023"]
[White "kuanysh1981"]
[Black "Tarasova, Viktoriya"]
[BlackFideId "4175840"]
[WhiteElo "2497"]
[BlackElo "2356"]
[Result "1/2-1/2"]
[Round "11"]
[TimeControl "180+2"]
[Date "2023.06.27"]
[WhiteClock "0:00:04"]
[BlackClock "0:00:20"]
[Board "104"]

1. e4 e5 2. Bc4 c6 3. Nf3 Qc7 4. O-O Nf6 5. d4 d6 6. dxe5 dxe5 7. Ng5 Bg4 8. Bxf7+ Qxf7 9. f3 Qd7 10. fxg4 Qxd1 11. Rxd1 Nxg4 12. Ne6 Na6 13. h3 Nf6 14. Nc3 Bc5+ 15. Nxc5 Nxc5 16. b4 Ncxe4 17. Nxe4 Nxe4 18. Re1 Nf6 19. Bb2 Kf7 20. Bxe5 Rhe8 21. c4 Re6 22. Bxf6 Rxe1+ 23. Rxe1 Kxf6 24. Rd1 Ke7 25. Kf2 a5 26. b5 cxb5 27. cxb5 Rc8 28. Rd2 a4 29. Ke3 Rc5 30. Rb2 Rc4 31. Kd3 Rf4 32. Rc2 Kd6 33. Re2 Rb4 34. Rf2 Rxb5 35. Rf7 Rg5 36. g4 b5 37. Kc3 h5 38. gxh5 Rxh5 39. Rxg7 Rxh3+ 40. Kb4 Rh5 41. Rg6+ Kc7 42. Ka5 Rf5 43. Rh6 Rg5 44. Rf6 Rh5 45. Rg6 Rh2 46. Kxb5 Rxa2 47. Ra6 a3 48. Kb4 Ra1 49. Rxa3 Rxa3 50. Kxa3 1/2-1/2


[Site "https://www.chess.com"]

[Event "Titled Tuesday Blitz June 27 Early 2023"]
[White "Ng, Clive"]
[Black "Kielinkei"]
[WhiteFideId "3214869"]
[WhiteElo "2331"]
[BlackElo "2458"]
[Result "1-0"]
[Round "11"]
[TimeControl "180+2"]
[Date "2023.06.27"]
[WhiteClock "0:00:18"]
[BlackClock "0:00:02"]
[Board "105"]

1. e4 d6 2. d4 Nf6 3. Nc3 Nbd7 4. Be3 e5 5. f3 c6 6. Qd2 b5 7. g4 b4 8. Nd1 exd4 9. Bxd4 c5 10. Be3 h6 11. h4 Be7 12. Nf2 Ne5 13. O-O-O a5 14. Be2 a4 15. Ngh3 b3 16. cxb3 axb3 17. a3 Ba6 18. g5 Nfd7 19. gxh6 gxh6 20. Nf4 Nb6 21. Nh5 Nbc4 22. Qc3 Nxe3 23. Qxe3 Qa5 24. Ng7+ Kf8 25. Nf5 Rd8 26. f4 Nc4 27. Bxc4 Bxc4 28. e5 d5 29. Nxe7 Kxe7 30. f5 d4 31. Qe4 Bd5 32. f6+ Kf8 33. Qg4 Rg8 34. Qh5 Ke8 35. Rhg1 Kd7 36. Qxh6 Kc7 37. Rg7 Rge8 38. Qf4 Kb7 39. Nd3 c4 40. Nb4 c3 41. Nxd5 cxb2+ 42. Kxb2 Rxd5 43. Qd2 Qc7 44. Qb4+ Kc8 45. Rc1 d3 46. Rxc7+ Kxc7 47. Qc4+ Kb6 48. Qxd5 Ka6 49. Qxd3+ Ka7 50. Rxf7+ Ka8 51. Qd5+ Kb8 52. Qb7# 1-0


[Site "https://www.chess.com"]

[Event "Titled Tuesday Blitz June 27 Early 2023"]
[White "Wang, Alexander J"]
[Black "Alvarado Diaz, Alejandro"]
[WhiteFideId "30955270"]
[BlackFideId "2276119"]
[WhiteElo "2312"]
[BlackElo "2409"]
[Result "1-0"]
[Round "11"]
[TimeControl "180+2"]
[Date "2023.06.27"]
[WhiteClock "0:00:50"]
[BlackClock "0:00:00"]
[Board "106"]

1. e4 c6 2. d4 d5 3. f3 Qb6 4. Nc3 e6 5. Nge2 Nf6 6. g3 Be7 7. Bg2 O-O 8. O-O c5 9. Be3 dxe4 10. Nxe4 Nxe4 11. fxe4 cxd4 12. Bxd4 Bc5 13. Bxc5 Qxc5+ 14. Kh1 Nc6 15. c3 e5 16. Qd5 Qe3 17. Rae1 Qh6 18. Nc1 Be6 19. Qb5 Rab8 20. Nd3 f6 21. Nc5 Bc8 22. Rd1 a6 23. Qc4+ Kh8 24. Nd7 Bxd7 25. Rxd7 Rfd8 26. Rfd1 Qe3 27. Qxc6 Rxd7 28. Qxd7 h6 29. Qd2 Qb6 30. b3 Rc8 31. c4 Qc5 32. Bh3 Rf8 33. Bf5 1-0


[Site "https://www.chess.com"]

[Event "Titled Tuesday Blitz June 27 Early 2023"]
[White "Vifleemskaia, Svetlana"]
[Black "Topalov, Aleksandar"]
[WhiteFideId "4129490"]
[BlackFideId "925659"]
[WhiteElo "2322"]
[BlackElo "2391"]
[Result "1-0"]
[Round "11"]
[TimeControl "180+2"]
[Date "2023.06.27"]
[WhiteClock "0:00:11"]
[BlackClock "0:00:43"]
[Board "107"]

1. d4 Nf6 2. c4 c5 3. d5 d6 4. Nc3 g6 5. e4 Bg7 6. Nge2 O-O 7. Ng3 e6 8. Be2 exd5 9. cxd5 Re8 10. O-O h5 11. Bg5 Qb6 12. Qd2 Nh7 13. Be3 h4 14. Nh1 Nd7 15. f3 f5 16. exf5 Rxe3 17. fxg6 Nhf8 18. Nf2 Re8 19. Nfe4 Ne5 20. f4 Ng4 21. f5 c4+ 22. Kh1 Ne3 23. f6 Nxf1 24. f7+ Kh8 25. fxe8=Q Nxd2 26. Nxd2 Qxb2 27. Rf1 Kg8 28. Qf7+ Kh8 29. Qe8 Kg8 30. Rxf8+ 1-0


[Site "https://www.chess.com"]

[Event "Titled Tuesday Blitz June 27 Early 2023"]
[White "Tuleyeva-Aketayeva, Dana"]
[Black "FuenfgegenWilly"]
[WhiteFideId "13701932"]
[WhiteElo "2231"]
[BlackElo "2390"]
[Result "1-0"]
[Round "11"]
[TimeControl "180+2"]
[Date "2023.06.27"]
[WhiteClock "0:00:20"]
[BlackClock "0:00:42"]
[Board "108"]

1. d4 e5 2. dxe5 Qe7 3. Nf3 Nc6 4. g3 Nxe5 5. Bg2 c6 6. O-O d5 7. Nc3 Nf6 8. Nxe5 Qxe5 9. Bf4 Qh5 10. e4 Qxd1 11. Raxd1 dxe4 12. Nxe4 Nxe4 13. Bxe4 Be6 14. Rfe1 Rd8 15. Be3 a6 16. Bb6 Rxd1 17. Rxd1 Be7 18. b3 f5 19. Bf3 Kf7 20. c4 Bf6 21. a4 h5 22. b4 h4 23. b5 axb5 24. cxb5 hxg3 25. hxg3 cxb5 26. axb5 Bc4 27. Rd7+ Kg6 28. Rxb7 Bxb5 29. Be3 Bd3 30. Bd5 Rc8 31. Bf7+ Kh7 32. Be6 Ra8 33. Bd5 Ra1+ 34. Kh2 Rd1 35. Bf3 Ra1 36. Kg2 Ra2 37. Bd5 Ra5 38. Bf3 Ba6 39. Rc7 Ra1 40. Rc1 Ra2 41. Rh1+ Kg6 42. Bh5+ Kh7 43. Bf7+ 1-0


[Site "https://www.chess.com"]

[Event "Titled Tuesday Blitz June 27 Early 2023"]
[White "Nilssen, Ellen Fredericia"]
[Black "Buscar, Michael"]
[WhiteFideId "1441230"]
[BlackFideId "2603616"]
[WhiteElo "2242"]
[BlackElo "2383"]
[Result "0-1"]
[Round "11"]
[TimeControl "180+2"]
[Date "2023.06.27"]
[WhiteClock "0:00:01"]
[BlackClock "0:00:22"]
[Board "109"]

1. Nf3 Nf6 2. b3 b6 3. Bb2 Bb7 4. e3 e6 5. c4 c5 6. Be2 Be7 7. O-O O-O 8. Nc3 d6 9. Rc1 Nbd7 10. Qc2 a6 11. Rfd1 Qc7 12. d4 cxd4 13. Nxd4 Rac8 14. Bf3 Ne5 15. Bxb7 Qxb7 16. Qe2 Rfd8 17. f3 Ng6 18. Rd2 d5 19. cxd5 Nxd5 20. Nxd5 Rxc1+ 21. Bxc1 Rxd5 22. Rc2 Bc5 23. Bb2 a5 24. Qb5 Qd7 25. Qxd7 Rxd7 26. Kf2 Ne5 27. Ke2 Rd5 28. e4 Rd8 29. Nxe6 fxe6 30. Bxe5 Kf7 31. Rd2 Rxd2+ 32. Kxd2 g6 33. Kd3 Ke7 34. Kc4 Kd7 35. Kb5 Bg1 36. Bb8 Bf2 37. Ba7 Kc7 38. Ka6 Bg1 39. a3 g5 40. g4 h6 41. b4 axb4 42. axb4 Be3 43. e5 Bd4 44. Kb5 Kb7 45. Kc4 Bxe5 46. Bxb6 Kxb6 47. Kd3 Bxh2 48. Ke4 Kb5 0-1


[Site "https://www.chess.com"]

[Event "Titled Tuesday Blitz June 27 Early 2023"]
[White "Barbot, Pierre"]
[Black "Ishowmoves57"]
[WhiteFideId "663727"]
[WhiteElo "2377"]
[BlackElo "2103"]
[Result "1-0"]
[Round "11"]
[TimeControl "180+2"]
[Date "2023.06.27"]
[WhiteClock "0:02:21"]
[BlackClock "0:01:56"]
[Board "110"]

1. d4 Nf6 2. Nf3 d5 3. Bf4 e6 4. e3 Bd6 5. Bd3 O-O 6. Nbd2 c5 7. c3 Qc7 8. Bg5 Nbd7 9. O-O h6 10. Bh4 b6 11. Re1 Bb7 12. e4 dxe4 13. Nxe4 Nxe4 14. Bxe4 Bxe4 15. Rxe4 cxd4 16. Rxd4 g5 17. Rxd6 gxh4 18. Rxd7 1-0


[Site "https://www.chess.com"]

[Event "Titled Tuesday Blitz June 27 Early 2023"]
[White "Alexanian, Nelli"]
[Black "Fernandez Siles, Luis"]
[WhiteFideId "4170539"]
[BlackFideId "2209420"]
[WhiteElo "1987"]
[BlackElo "2362"]
[Result "0-1"]
[Round "11"]
[TimeControl "180+2"]
[Date "2023.06.27"]
[WhiteClock "0:00:00"]
[BlackClock "0:00:07"]
[Board "111"]

1. d4 Nf6 2. c4 g6 3. h4 c5 4. d5 Bg7 5. Nc3 d6 6. e4 b5 7. h5 b4 8. h6 Bf8 9. Nce2 Nxe4 10. f3 Nf6 11. Bg5 e5 12. dxe6 Bxe6 13. Nf4 Be7 14. Nxe6 fxe6 15. Bd3 Nc6 16. Ne2 O-O 17. Qc2 Ne5 18. O-O-O Nfd7 19. Be3 Nxd3+ 20. Qxd3 Ne5 21. Qe4 Qc8 22. Nf4 a5 23. Bf2 a4 24. Bg3 a3 25. b3 Bg5 26. Kb1 Ra6 27. Ne2 Nf7 28. f4 Bf6 29. Bh4 Bxh4 30. Rxh4 Qd8 31. g4 Qxh4 32. Rh1 Qf2 33. f5 d5 34. Qc2 dxc4 35. fxg6 cxb3 36. gxf7+ Rxf7 37. axb3 a2+ 38. Ka1 Qf6+ 39. Qb2 Qxb2+ 40. Kxb2 Rf2 41. Re1 a1=Q+ 42. Rxa1 Rxe2+ 0-1


[Site "https://www.chess.com"]

[Event "Titled Tuesday Blitz June 27 Early 2023"]
[White "Sariego Figueredo, Wilfredo"]
[Black "Omariev, Maksim"]
[WhiteFideId "3500080"]
[BlackFideId "4193423"]
[WhiteElo "2221"]
[BlackElo "2404"]
[Result "0-1"]
[Round "11"]
[TimeControl "180+2"]
[Date "2023.06.27"]
[WhiteClock "0:00:08"]
[BlackClock "0:00:07"]
[Board "112"]

1. d4 d5 2. Bf4 c5 3. e3 Nf6 4. c3 Nc6 5. Nd2 Qb6 6. b3 Bf5 7. Ngf3 e6 8. Be2 h6 9. O-O Nh5 10. a4 Nxf4 11. exf4 cxd4 12. cxd4 Bd6 13. g3 O-O 14. Nb1 Rac8 15. Na3 a6 16. Nb1 Be7 17. Ne5 Rfd8 18. Nxc6 Rxc6 19. a5 Qa7 20. Ra4 Bc2 21. Qe1 Bxb3 22. Ra1 Qxd4 23. Na3 Rdc8 24. Qb1 Rc3 25. Re1 Qb4 26. Bf1 Qxa5 27. Nb5 Qb4 28. Nxc3 Rxc3 29. Qb2 a5 30. Rab1 a4 31. Rbc1 Bf6 32. Qd2 a3 33. Rb1 d4 34. Bg2 b6 35. Be4 Qc5 36. Red1 b5 37. Rdc1 b4 38. Rxc3 dxc3 39. Qd7 a2 40. Qe8+ Qf8 41. Bh7+ Kxh7 42. Qxf8 axb1=Q+ 43. Kg2 Qe4+ 44. Kg1 c2 45. Qc8 Bb2 46. h4 Bd5 47. Kf1 c1=Q+ 48. Qxc1 Bxc1 49. h5 Qf3 50. g4 Be3 51. Ke1 Qxf2+ 52. Kd1 Qd2# 0-1


[Site "https://www.chess.com"]

[Event "Titled Tuesday Blitz June 27 Early 2023"]
[White "Vaglio Munoz, Jaime"]
[Black "BenchGM"]
[WhiteFideId "6500145"]
[WhiteElo "2288"]
[BlackElo "2373"]
[Result "0-1"]
[Round "11"]
[TimeControl "180+2"]
[Date "2023.06.27"]
[WhiteClock "0:01:44"]
[BlackClock "0:00:41"]
[Board "113"]

1. e4 e6 2. b3 d5 3. Bb2 Nf6 4. e5 Nfd7 5. f4 c5 6. Nf3 Nc6 7. a3 f6 8. Qe2 fxe5 9. fxe5 Be7 10. Nc3 O-O 11. O-O-O a6 12. h4 b5 13. Kb1 b4 14. Na4 bxa3 15. Bxa3 c4 16. Bb2 cxb3 17. cxb3 Rb8 18. Qe3 Na5 19. Ng5 Nb6 20. Bd3 Nxa4 21. Bxh7+ Kh8 22. Qf3 Rxf3 23. gxf3 Rxb3 24. Nf7+ Kxh7 25. Nxd8 Rxb2+ 26. Kc1 Nb3# 0-1


[Site "https://www.chess.com"]

[Event "Titled Tuesday Blitz June 27 Early 2023"]
[White "Biriukov, Ilja"]
[Black "Petrova, Irina"]
[WhiteFideId "4113373"]
[BlackFideId "14124122"]
[WhiteElo "2281"]
[BlackElo "2371"]
[Result "1-0"]
[Round "11"]
[TimeControl "180+2"]
[Date "2023.06.27"]
[WhiteClock "0:00:18"]
[BlackClock "0:00:10"]
[Board "114"]

1. c4 d6 2. Nc3 e5 3. g3 Nc6 4. Bg2 f5 5. d3 Nf6 6. e3 g6 7. Nge2 Bg7 8. O-O O-O 9. Rb1 Be6 10. Nd5 Qd7 11. b4 Rae8 12. b5 Nd8 13. a4 Kh8 14. Qc2 Nh5 15. f4 c6 16. bxc6 bxc6 17. Ndc3 d5 18. cxd5 cxd5 19. d4 e4 20. Ba3 Rf7 21. Nb5 Nb7 22. Rfc1 Na5 23. Nd6 Nc4 24. Nxf7+ Bxf7 25. Qc3 Qxa4 26. Bc5 Nf6 27. Ra1 Qb5 28. Rcb1 Qc6 29. Rxa7 Be6 30. h3 Nd7 31. Ba3 Ndb6 32. Kh2 Ra8 33. Rxa8+ Qxa8 34. Bc5 Nd7 35. Qb3 h6 36. Qb7 Qxb7 37. Rxb7 Nxe3 38. Nc3 Nxc5 39. dxc5 Bxc3 40. c6 d4 41. c7 d3 42. Rb8+ Kg7 43. Re8 d2 44. Rxe6 d1=Q 45. c8=Q Bf6 46. Qc7+ Kg8 47. Re8# 1-0


[Site "https://www.chess.com"]

[Event "Titled Tuesday Blitz June 27 Early 2023"]
[White "rikchessmx"]
[Black "Mishra, Manoj"]
[BlackFideId "5006007"]
[WhiteElo "2304"]
[BlackElo "2212"]
[Result "1-0"]
[Round "11"]
[TimeControl "180+2"]
[Date "2023.06.27"]
[WhiteClock "0:01:32"]
[BlackClock "0:01:42"]
[Board "115"]

1. e4 g6 2. d4 Bg7 3. Nc3 d6 4. f3 Nf6 5. Be3 c6 6. Qd2 b5 7. h4 b4 8. Nce2 a5 9. Bh6 Rg8 10. Bxg7 Rxg7 11. g4 h5 12. g5 Nfd7 13. Ng3 e5 14. f4 Qb6 15. Nf3 exd4 16. Nxd4 Nc5 17. f5 d5 18. exd5 cxd5 19. O-O-O gxf5 20. Ndxf5 Bxf5 21. Nxf5 Rg6 22. Qxd5 Nbd7 23. Qxa8+ 1-0


[Site "https://www.chess.com"]

[Event "Titled Tuesday Blitz June 27 Early 2023"]
[White "Larina, Maria"]
[Black "Osinovsky, Stepan"]
[WhiteFideId "24113182"]
[BlackFideId "4157354"]
[WhiteElo "2200"]
[BlackElo "2300"]
[Result "1-0"]
[Round "11"]
[TimeControl "180+2"]
[Date "2023.06.27"]
[WhiteClock "0:00:06"]
[BlackClock "0:00:00"]
[Board "116"]

1. e4 e5 2. Nf3 Nc6 3. Nc3 Nf6 4. Bb5 Bb4 5. O-O O-O 6. d3 d6 7. Ne2 Ne7 8. c3 Ba5 9. Ng3 c6 10. Ba4 Ng6 11. d4 Re8 12. Bc2 Nf4 13. b4 Bb6 14. Be3 Ng4 15. Bxf4 exf4 16. Nf5 g6 17. N5h4 a5 18. h3 Nf6 19. a3 Nxe4 20. Qd3 d5 21. Rae1 g5 22. Nd2 gxh4 23. Nxe4 dxe4 24. Rxe4 Rxe4 25. Qxe4 Qf6 26. Qxh7+ Kf8 27. Re1 Be6 28. Qh5 axb4 29. axb4 Ra3 30. d5 cxd5 31. Bh7 Qxc3 32. Qh6+ Qg7 33. Qxh4 Ra2 34. Rf1 d4 35. Be4 1-0


[Site "https://www.chess.com"]